 Dungeon Crawl Stone Soup version 0.29.1-2-gbd0b4ee654 (webtiles) character file.

Game seed: 18326668262018170410

62 Ivernyr the Insei (level 4, -1/29 HPs)
             Began as an Octopode Transmuter on Oct 31, 2022.
             Slain by a gnoll
             ... wielding a +0 spear
              (3 damage)
             ... on level 2 of the Dungeon.
             The game lasted 00:02:17 (1606 turns).

Ivernyr the Insei (Octopode Transmuter)             Turns: 1606, Time: 00:02:18

Health: -1/29      AC:  2    Str:  9    XL:     4   Next: 8%
Magic:  1/7        EV: 19    Int: 17    God:
Gold:   40         SH:  0    Dex: 17    Spells: 1/7 levels left

rFire   . . .      SeeInvis .     - Unarmed
rCold   . . .      Faith    .   (shield currently unavailable)
rNeg    . . .      Spirit   .   (helmet currently unavailable)
rPois   x          Reflect  .   (no amulet)
rElec   .          Harm     .   (no ring)
rCorr   .          Rampage  .   (no ring)
Will    .....                   (no ring)
Stlth   ++........              (no ring)
HPRegen 0.09/turn               (no ring)
MPRegen 0.10/turn               (no ring)
                                (no ring)
                                (no ring)

@: spider-form (expiring), wereblooded
A: venomous fangs, almost no armour, (amphibious), 8 rings, tiny, (camouflage
1), (gelatinous body 1), (nimble swimmer 1), (tentacles)
a: End Transformation


You were on level 2 of the Dungeon.
You were a venomous arachnid creature.
You visited 1 branch of the dungeon, and saw 2 of its levels.

You collected 68 gold pieces.
You spent 28 gold pieces at shops.

Inventory:

Scrolls
 f - a scroll of teleportation
Potions
 a - a potion of lignification
 b - a potion of mutation
 d - a potion of haste {unknown}
 e - a potion of berserk rage {unknown}


   Skills:
 + Level 1.8 Fighting
 - Level 2.0 Dodging
 + Level 3.4 Unarmed Combat
 + Level 2.4 Spellcasting
 * Level 3.1 Transmutations


You had one spell level left.
You knew the following spells:

 Your Spells              Type           Power      Damage    Failure   Level
a - Beastly Appendage     Tmut           24%        N/A       16%         1
b - Wereblood             Tmut           12%        N/A       21%         2
c - Spider Form           Tmut/Pois      7%         N/A       50%         3

Your spell library contained the following spells:

 Spells                   Type           Power      Damage    Failure   Level
 Summon Small Mammal      Summ           8%         N/A       38%         1
 Call Canine Familiar     Summ           2%         N/A       71%         3
 Summon Guardian Golem    Hex/Summ       2%         N/A       71%         3
 Ice Form                 Ice/Tmut       7%         N/A       85%         4


Dungeon Overview and Level Annotations

Branches:
Dungeon (2/15)

Altars:

Shops:
D:1 [=?


Innate Abilities, Weirdness & Mutations

You are a venomous arachnid creature.
You have poisonous fangs.
You are tiny and dextrous.
Your spellcasting is less reliable in this form.
Your armour is entirely melded.
You are incapable of wielding weapons or throwing items.
You cannot wear most types of armour.
((You are amphibious.))
You can wear up to eight rings at the same time.
((Your skin changes colour to match your surroundings (Stealth+).))
((Your rubbery body absorbs attacks. (AC +1, EV +1)))
((You are camouflaged when in or above water. (Stealth+)))
((You have tentacles for arms and can constrict up to eight enemies at once.))


Message History

The gnoll barely misses you.
The gnoll hits you from afar with a +0 spear.
You tentacle-slap the gnoll. Your grab misses the gnoll.
You pierce the gnoll.
You squeeze the gnoll.
The gnoll is severely wounded.
The gnoll closely misses you. The gnoll hits you with a +0 club!
You tentacle-slap the gnoll.
You feel a bit better.
You kill the gnoll!
The gnoll barely misses you.
You have reached level 4!
You howl as the wereblood boils in your veins!
Casting: Wereblood (safe; 8% risk of failure)
Confirm with . or Enter, or press ? or * to list all spells.
The spell is extremely dangerous to miscast (30% risk of failure)!
Continue anyway?
Your tentacle spike disappears.
You turn into a venomous arachnid creature.
The hobgoblin misses you.
You barely miss the hobgoblin. The hobgoblin completely misses you.
You hit the hobgoblin.
The hobgoblin is poisoned.
The hobgoblin is severely wounded.
The hobgoblin completely misses you.
You barely miss the hobgoblin.
The hobgoblin is severely wounded.
The gnoll misses you.
The hobgoblin hits you but does no damage.
You hit the hobgoblin.
You feel a bit better.
You kill the hobgoblin!
Your transformation is almost over.
The gnoll misses you. The gnoll hits you with a +0 spear!
The gnoll closely misses you.
You see here a hobgoblin corpse.
You barely miss the gnoll.
The gnoll hits you from afar with a +0 halberd.
* * * LOW HITPOINT WARNING * * *
The gnoll hits you with a +0 spear.
* * * LOW HITPOINT WARNING * * *
You hit the gnoll.
The gnoll is poisoned.
The gnoll is lightly wounded.
The gnoll hits you but does no damage. The gnoll hits you with a +0 spear.
You die...

..# #.# ## #.#
! #.# #.#.#
#.###>#.#######
#...$.)g.......
#g# #s# #.####
#.~P.#####
#~~~P.....
#P~~~PP####
#~~~~~~...
##†~♣~P#.#
#.~~~~P.#
#.P~~~~#~.


You could see 2 gnolls.

Vanquished Creatures
  2 gnolls (D:2)
  2 dart slugs (D:1)
  2 ball pythons
  4 giant cockroaches (D:1)
  A goblin (D:1)
  3 hobgoblins
  9 jackals
  2 quokkas (D:1)
  3 bats
  A frilled lizard (D:1)
  3 kobolds
  A rat (D:1)
33 creatures vanquished.

Vanquished Creatures (others)
  15 plants (D:2)
15 creatures vanquished.

Grand Total: 48 creatures vanquished

Notes
Turn   | Place    | Note
-------+----------+-------------------------------------------
     0 | D:1      | Ivernyr the Octopode Transmuter began the quest for the
                  | Orb.
     0 | D:1      | Reached XP level 1. HP: 13/13 MP: 3/3
    11 | D:1      | Found Qoerelol's Jewellery Emporium.
   229 | D:1      | Found Leafeuj's Armour Emporium.
   239 | D:1      | Reached XP level 2. HP: 14/18 MP: 5/5
   650 | D:1      | Learned a level 2 spell: Wereblood
   831 | D:1      | Reached XP level 3. HP: 22/23 MP: 6/6
   835 | D:1      | Learned a level 3 spell: Spider Form
  1318 | D:1      | Found Olurgh Fyac's Magic Scroll Emporium.
  1324 | D:1      | Bought a scroll of identify for 28 gold pieces
  1597 | D:2      | Reached XP level 4. HP: 19/29 MP: 3/7
  1606 | D:2      | Slain by a gnoll

Illustrated notes

Levels and vault maps discovered:
D:1:      onia_arrival_pyramid, layout_loops_ring, serial_shops,
          nicolae_shop_stone, shop, shop, chequers_serial_rivers_micro_b,
          minmay_misc_feat_more_columns, minmay_pentomino_q4
D:2:      layout_basic, serial_bayou, serial_bayou_crossing,
          serial_bayou_lagoon_a, serial_bayou_ford_a, serial_bayou_pond_b

Skill      XL: |  1  2  3 |
---------------+----------+-----
Transmutations | 3 |  3.1
Fighting       | |  1.8
Dodging        | |  2.0
Unarmed Combat | |  3.4
Spellcasting   | |  2.4

Action                   |  1- 3 |  4- 6 || total
-------------------------+-------+-------++-------
Melee: Unarmed           |    74 |     6 ||    80
       Constrict         |    22 |       ||    22
       Tentacles         |    17 |       ||    17
       Kick              |    12 |       ||    12
       Punch             |     1 |       ||     1
 Cast: Beastly Appendage |     5 |       ||     5
       Wereblood         |     3 |       ||     3
       Spider Form       |       |     1 ||     1
  Use: Scroll            |     2 |       ||     2
 Stab: Sleeping          |     3 |       ||     3
Armor: Skin              |     9 |     2 ||    11
Dodge: Dodged            |    45 |     6 ||    51
